 Dungeon Crawl Stone Soup version 0.30-a0-1103-g25895a7845 (webtiles) character file.

Game seed: 6483650717701812429

1141 IdlyInterested the Fighter (level 8, -7/70 HPs)
             Began as a Demonspawn Fighter on Apr 18, 2023.
             Mangled by an orc warrior
             ... wielding a +0 hand axe
              (11 damage)
             ... on level 6 of the Dungeon.
             The game lasted 00:12:05 (5113 turns).

IdlyInterested the Fighter (Demonspawn Fighter)     Turns: 5113, Time: 00:12:06

Health: -7/70      AC: 17    Str: 21    XL:     8   Next: 14%
Magic:  9/9        EV: 10    Int:  8    God:
Gold:   344        SH:  4    Dex: 14    Spells: 9/9 levels left

rFire   . . .      SeeInvis .    a - +0 flail
rCold   . . .      Faith    .    c - +0 buckler
rNeg    . . .      Spirit   .    F - +1 scale mail {Will+}
rPois   .          Reflect  .    (helmet restricted)
rElec   .          Rampage  .    (no cloak)
rCorr   +          Rage     3%   A - +2 pair of gloves
Will    ++...                    (no boots) Stlth
                                 (no amulet)
HPRegen 0.31/turn                r - ring of resist corrosion
MPRegen 0.22/turn                x - ring of willpower

@: sanguine armoured
A: powered by death 1, magic regeneration, sanguine armour 1, antennae 1,
berserk 1, strong 1, wild magic 1
a: no special abilities


You were on level 6 of the Dungeon.
You visited 1 branch of the dungeon, and saw 6 of its levels.

You collected 344 gold pieces.

Inventory:

Hand Weapons
 a - a +0 flail (weapon)
 n - a +1 dagger of freezing
 D - a +1 short sword of speed
Missiles
 l - 10 boomerangs (quivered)
 m - 60 stones
 y - 5 javelins
 H - 3 atropa-tipped darts
 I - 2 throwing nets
Armour
 c - a +0 buckler (worn)
 v - an orb of energy
 A - a +2 pair of gloves (worn)
 F - a +1 scale mail of willpower (worn)
Jewellery
 r - a ring of resist corrosion (left hand)
 x - a ring of willpower (right hand)
Wands
 w - a wand of polymorph (9)
 z - a wand of charming (12)
Scrolls
 b - 3 scrolls of fog {unknown}
 e - 2 scrolls of fear
 g - 2 scrolls of blinking {unknown}
 h - 3 scrolls of teleportation {unknown}
 i - 2 scrolls of vulnerability {unknown}
 j - a scroll of enchant armour {unknown}
 p - 2 scrolls of poison {unknown}
 t - 3 scrolls of torment {unknown}
 u - a scroll of magic mapping {unknown}
 B - a scroll of noise {unknown}
 C - a scroll of immolation {unknown}
Potions
 d - a potion of might
 f - 2 potions of curing
 k - 4 potions of mutation
 o - a potion of invisibility {unknown}
 q - a potion of flight
 s - 2 potions of lignification
 E - a potion of brilliance {unknown}
 G - 2 potions of resistance {unknown}


   Skills:
 * Level 8.8 Fighting
 - Level 1.7 Maces & Flails
 - Level 1.0 Throwing
 + Level 3.4 Armour
 - Level 3.0 Dodging
 - Level 1.0 Stealth
 - Level 2.6 Shields
 - Level 1.0 Spellcasting
 - Level 1.0 Evocations


You had 9 spell levels left.
You didn't know any spells.
Your spell library contained the following spells:

 Spells                   Type           Power      Damage    Failure   Level
 Foxfire                  Conj/Fire      0%         2x1d4     86%         1
 Fireball                 Conj/Fire      0%         3d3       100%        5
 Plasma Beam              Fire/Air       0%         2x1d11    100%        6
 Starburst                Conj/Fire      0%         6d3       100%        6


Dungeon Overview and Level Annotations

Branches:
Dungeon (6/15)
 Temple: D:4-7

Altars:


Innate Abilities, Weirdness & Mutations

You regenerate a little health from kills.
You regenerate magic rapidly.
When seriously injured, your blood forms armour. (AC +6)
You have a pair of small antennae on your head.
You sometimes lose your temper in combat.
Your muscles are strong. (Str +4, Int/Dex -1)
Your spells are a little harder to cast, but a little more powerful.


Message History

You barely miss the orc warrior.
The orc warrior is lightly wounded.
The orc warrior hits you but does no damage.
You hear some strange, mumbled words.
A magic dart appears from out of thin air!
The magic dart hits you but does no damage.
You block the orc warrior's attack.
You hit the orc warrior but do no damage.
The orc warrior is lightly wounded.
Something hits you but does no damage. You block the orc warrior's attack.
Something hits you but does no damage.
You barely miss the orc warrior.
The orc warrior is lightly wounded.
The orc warrior completely misses you. Something hits you but does no damage.
You sock the orc warrior!
The orc warrior is heavily wounded.
The orc warrior hits you with a +0 hand axe.
* * * LOW HITPOINT WARNING * * *
Something hits you.
* * * LOW HITPOINT WARNING * * *
You completely miss the orc warrior.
The orc warrior is heavily wounded.
An orc wizard appears from thin air!
Reactivating autopickup.
You block the orc warrior's attack.
The orc wizard hits you with a +0 dagger.
* * * LOW HITPOINT WARNING * * *
The orc warrior hits you with a +0 hand axe!
* * * LOW HITPOINT WARNING * * *
The orc wizard completely misses you.
You sock the orc wizard!
You kill the orc wizard!
You block the orc warrior's attack.
You barely miss the orc warrior.
The orc warrior is heavily wounded.
The orc warrior hits you but does no damage. x2
You hit the orc warrior but do no damage.
The orc warrior is heavily wounded.
The orc warrior hits you with a +0 hand axe!
You die...

... #..#. .. ... ....
......... .... ...
........# ...<.
#.######.#.......
.....##.#...#..........
..>...#................
......).o.....###......
.......!)@.............
###......)..)))).....#
#..(........).......#
#....................#
##....................
.................#....
....#.............#....
#####...$.........#....
##.............. .#


You could see an orc warrior.

Vanquished Creatures
  Sigmund (D:4)
  An ice beast (D:5)
  2 phantoms
  A bullfrog (D:6)
  2 scorpions
  A hound (D:4)
  2 jellies (D:5)
  A sleepcap (D:4)
  A gnoll bouda (D:6)
  2 orc priests (D:5)
  An iguana (D:5)
  Jessica (D:2)
  6 orc wizards
  4 gnolls (D:6)
  2 adders
  2 white imps
  A worm (D:2)
  A dart slug (D:5)
  17 orcs
  6 endoplasms
  A giant cockroach (D:1)
  8 goblins
  8 hobgoblins
  2 jackals (D:1)
  3 kobolds
  2 quokkas
  11 ball pythons
  2 bats
  3 frilled lizards
  A rat (D:1)
96 creatures vanquished.

Notes
Turn   | Place    | Note
-------+----------+-------------------------------------------
     0 | D:1      | IdlyInterested the Demonspawn Fighter began the quest for
                  | the Orb.
     0 | D:1      | Reached XP level 1. HP: 18/18 MP: 1/1
   278 | D:1      | Gained mutation: When seriously injured, your blood forms
                  | armour. (AC +6) [demonic ancestry]
   278 | D:1      | Reached XP level 2. HP: 19/24 MP: 2/2
  1147 | D:2      | Noticed Jessica
  1164 | D:2      | Killed Jessica
  1165 | D:2      | Reached skill level 4 in Fighting
  1165 | D:2      | Reached XP level 3. HP: 22/30 MP: 3/3
  1415 | D:2      | Reached skill level 1 in Dodging
  2225 | D:3      | Reached XP level 4. HP: 38/38 MP: 4/4
  2314 | D:3      | Gained mutation: Your muscles are strong. (Str +4, Int/Dex
                  | -1) [potion of mutation]
  2314 | D:3      | Gained mutation: Your spells are a little harder to cast,
                  | but a little more powerful. [potion of mutation]
  2314 | D:3      | Gained mutation: You sometimes lose your temper in combat.
                  | [potion of mutation]
  2314 | D:3      | Gained mutation: You have a pair of small antennae on your
                  | head. [potion of mutation]
  2810 | D:3      | Reached skill level 5 in Fighting
  3061 | D:4      | Noticed Sigmund
  3081 | D:4      | Killed Sigmund
  3082 | D:4      | Gained mutation: You regenerate magic rapidly. [demonic
                  | ancestry]
  3082 | D:4      | Reached XP level 5. HP: 44/46 MP: 5/5
  3082 | D:4      | Reached XP level 6. HP: 49/52 MP: 6/6
  3153 | D:4      | Reached skill level 6 in Fighting
  3631 | D:4      | Reached skill level 1 in Throwing
  3631 | D:4      | Reached XP level 7. HP: 45/59 MP: 7/7
  3695 | D:4      | Reached skill level 7 in Fighting
  3753 | D:5      | Entered Level 5 of the Dungeon
  4140 | D:5      | Reached skill level 1 in Evocations
  4361 | D:5      | Reached skill level 1 in Stealth
  4492 | D:5      | Reached skill level 8 in Fighting
  4659 | D:5      | Reached skill level 1 in Spellcasting
  4888 | D:6      | Gained mutation: You regenerate a little health from kills.
                  | [demonic ancestry]
  4888 | D:6      | Reached XP level 8. HP: 14/69 MP: 9/9
  5098 | D:6      | HP: 2/69 [orc warrior/+0 hand axe (2)]
  5103 | D:6      | HP: 2/69 [orc warrior/+0 hand axe (6)]
  5110 | D:6      | HP: 2/69 [orc warrior/+0 hand axe (7)]
  5113 | D:6      | Mangled by an orc warrior

Illustrated notes

Levels and vault maps discovered:
D:1:      dpeg_arrival_refuge, layout_basic
D:2:      layout_rooms, uniq_jessica
D:3:      layout_loops_ring, minmay_misc_feat_more_columns,
          kennysheep_generic_room_5
D:4:      layout_rooms, uniq_sigmund
D:5:      layout_basic, grunt_decor_junction
D:6:      layout_cave_pools, grunt_dithmenos_smoke, marbit_many_paths,
          minmay_temple_entry_slanted, serial_shops, shop

Skill      XL: |  1  2  3  4  5  6  7 |
---------------+----------------------+-----
Armour         | 3 |  3.4
Fighting       | 4 5 6 8 |  8.8
Dodging        | 1 2 3 |  3.0
Throwing       | 1 |  1.0
Evocations     | 1 |  1.0
Stealth        | 1 |  1.0
Spellcasting   | 1 |  1.0
Maces & Flails | |  1.7
Shields        | |  2.6

Action                     |  1- 3 |  4- 6 |  7- 9 || total
---------------------------+-------+-------+-------++-------
  Melee: Flail             |   104 |   123 |   147 ||   374
  Throw: Boomerang         |     5 |     8 |     8 ||    21
         Javelin           |       |       |     3 ||     3
    Use: Scroll            |     1 |     4 |     1 ||     6
         Potion            |       |     2 |     8 ||    10
 Armour: Scale mail        |    45 |    76 |   123 ||   244
  Dodge: Dodged            |    51 |    62 |   102 ||   215
  Block: Buckler           |    24 |    29 |    43 ||    96

Table legend: (Time is in decaauts)
 A = Elapsed time spent in this place.
 B = Non-inter-level travel time spent in this place.
 C = Inter-level travel time spent in this place.
 D = Time resting spent in this place.
 E = Time spent auto-exploring this place.
 F = Levels seen in this place.
 G = Mean time per level.
                   A        B        C        D        E       F      G
               +--------+--------+--------+--------+--------+-----+--------+
         Total |   5300 |   4452 |    848 |    530 |   2548 |   6 |  883.3 |
       Dungeon |   5300 |   4452 |    848 |    530 |   2548 |   6 |  883.3 |
               +--------+--------+--------+--------+--------+-----+--------+

Top non-repeatable levels by time:
     D:1: 1618 daAuts
     D:5: 1103 daAuts
     D:3: 967 daAuts
     D:4: 677 daAuts
     D:2: 644 daAuts
     D:6: 289 daAuts
